 Dungeon Crawl Stone Soup version 0.30-a0-859-gf88a04b62d (webtiles) character file.

Game seed: 13929417369730077016

66 Newt the Shooter (level 4, -12/30 HPs)
             Began as a Kobold Hunter on Mar 7, 2023.
             Killed by nerve-wracking pain
             ... invoked by Grinder
              (14 damage)
             ... on level 3 of the Dungeon.
             The game lasted 00:02:12 (1875 turns).

Newt the Shooter (Kobold Hunter)                    Turns: 1875, Time: 00:02:13

Health: -12/30     AC:  4    Str:  7 (8)  XL:     4   Next: 37%
Magic:  4/4        EV: 15    Int: 11 (14) God:
Gold:   127        SH:  0    Dex: 24 (26) Spells: 3/3 levels left

rFire   . . .      SeeInvis .    a - +0 shortbow
rCold   . . .      Faith    .    (shield currently unavailable)
rNeg    . . .      Spirit   .    c - +0 leather armour
rPois   .          Reflect  .    (no helmet)
rElec   +          Rampage  .    (no cloak)
rCorr   .                        n - +0 pair of gloves
Will    .....                    (no boots)
Stlth   +++                      e - amulet of the acrobat
HPRegen 0.25/turn                f - ring "Koxtov" {rElec Int+4 Dex+6}
MPRegen 0.09/turn                (no ring)

@: attractive, hasted (expiring), very quick
A: small, no large weapons, nightstalker 3
a: no special abilities


You were on level 3 of the Dungeon.
You visited 1 branch of the dungeon, and saw 3 of its levels.

You collected 127 gold pieces.

Inventory:

Hand Weapons
 a - a +0 shortbow (weapon)
Armour
 c - a +0 leather armour (worn)
 n - a +0 pair of gloves (worn)
Jewellery
 e - an amulet of the acrobat (around neck)
 f - the ring "Koxtov" (left hand) {rElec Int+4 Dex+6}
   (You found it on level 3 of the Dungeon)

   [ring of dexterity]

   Int:       It affects your intelligence (+4).
   Dex:       It affects your dexterity (+6).
   rElec:     It insulates you from electricity.
Scrolls
 b - a scroll of immolation
 j - 2 scrolls of fear
 l - 2 scrolls of amnesia
Potions
 d - a potion of flight {unknown}
 k - a potion of degeneration
 o - a potion of attraction
 p - 2 potions of heal wounds {unknown}


   Skills:
 + Level 4.7 Fighting
 - Level 5.3 Ranged Weapons
 - Level 2.4 Dodging
 - Level 1.3 Stealth


You had 3 spell levels left.
You didn't know any spells.
Your spell library contained the following spells:

 Spells                   Type           Power      Damage    Failure   Level
 Cigotuvi's Dreadful Rot  Necr/Pois/Air  0%         N/A       63%         2
 Dispel Undead            Necr           0%         3d6       99%         4
 Alistair's Intoxication  Tmut/Pois      0%         N/A       100%        5
 Borgnjor's Vile Clutch   Necr/Erth      0%         N/A       100%        5
 Death Channel            Necr           0%         N/A       100%        6
 Eringya's Noxious Bog    Tmut/Pois      0%         N/A       100%        6


Dungeon Overview and Level Annotations

Branches:
Dungeon (3/15)

Altars:

Annotations:
D:3 Grinder


Innate Abilities, Weirdness & Mutations

You are small and have problems with some larger weapons.
You are completely attuned to the shadows.


Message History

You shoot an arrow. The arrow hits Grinder.
Grinder is heavily wounded.
Grinder gestures at you. You resist with significant effort.
Fire: a) +0 shortbow
Press: ? - help, Q - select action Shift-Dir - straight line, f/p - Grinder
Aim: Grinder (heavily wounded, 66% to hit)
You shoot an arrow. The arrow closely misses Grinder.
Unknown command.
Fire: a) +0 shortbow
Press: ? - help, Q - select action Shift-Dir - straight line, f/p - Grinder
Aim: Grinder (heavily wounded, 66% to hit)
You shoot an arrow. The arrow hits Grinder.
Grinder is severely wounded.
Your extra speed is starting to run out.
Grinder barely misses you.
Fire: a) +0 shortbow
Press: ? - help, Q - select action Shift-Dir - straight line, f/p - Grinder
Aim: Grinder (severely wounded, 66% to hit)
You shoot an arrow. The arrow barely misses Grinder.
Grinder hits you.
You writhe in agony.
* * * LOW HITPOINT WARNING * * *
Fire: a) +0 shortbow
Press: ? - help, Q - select action Shift-Dir - straight line, f/p - Grinder
Aim: Grinder (severely wounded, 66% to hit)
You shoot an arrow. The arrow hits Grinder.
Grinder is severely wounded.
Grinder hits you.
* * * LOW HITPOINT WARNING * * *
You writhe in agony.
* * * LOW HITPOINT WARNING * * *
Unknown command.
It was a potion of degeneration.
There was something very wrong with that liquid.
You feel weakened.
You feel dopey.
You feel clumsy.
It was a potion of attraction.
You feel attractive to monsters. Grinder gestures at you.
Pain shoots through your body!
You die...

. . ... #
..#.# #.#.#
###
#####.#.###...
#...........#
#.........#
#.......†##
#......@.#
#......5.#
####....##
###..## #...##
...... ###.###
...... #...#
..)..# ##...#
.....###....#


You could see Grinder.

Vanquished Creatures
  Natasha (D:3)
  A worm (D:2)
  A dart slug (D:2)
  An endoplasm (D:2)
  3 giant cockroaches
  6 hobgoblins
  A jackal (D:2)
  2 quokkas
  2 ball pythons
  6 bats
  4 frilled lizards
  3 goblins
  4 kobolds
  2 rats (D:2)
37 creatures vanquished.

Vanquished Creatures (collateral kills)
  A bat (D:3)
1 creature vanquished.

Vanquished Creatures (others)
  A demonic plant (D:1)
  A withered plant (D:1)
2 creatures vanquished.

Grand Total: 40 creatures vanquished

Notes
Turn   | Place    | Note
-------+----------+-------------------------------------------
     0 | D:1      | Newt the Kobold Hunter began the quest for the Orb.
     0 | D:1      | Reached XP level 1. HP: 12/12 MP: 1/1
   217 | D:1      | Reached XP level 2. HP: 18/18 MP: 2/2
   274 | D:1      | Found a faded altar of an unknown god.
  1012 | D:2      | Reached XP level 3. HP: 21/23 MP: 3/3
  1783 | D:3      | Noticed Natasha
  1788 | D:3      | Killed Natasha
  1789 | D:3      | Reached XP level 4. HP: 25/30 MP: 4/4
  1830 | D:3      | Noticed Grinder
  1832 | D:3      | Paralysed by Grinder for 4 turns
  1839 | D:3      | Paralysed by Grinder for 4 turns
  1847 | D:3      | Identified the ring "Koxtov" {rElec Int+4 Dex+6}
  1873 | D:3      | HP: 1/30 [Grinder (6)]
  1875 | D:3      | Killed from afar by Grinder

Illustrated notes

Levels and vault maps discovered:
D:1:      dpeg_arrival_renting, layout_basic, shapermc_ecumenical_altar_gd,
          minivault_11
D:2:      layout_basic, minmay_tromino_i4
D:3:      layout_basic, mainiacjoe_overflow_paths, serial_shops, shop,
          uniq_natasha, uniq_grinder, uniq_robin

Skill      XL: |  1  2  3 |
---------------+----------+-----
Fighting       | 3 4 |  4.7
Ranged Weapons | |  5.3
Dodging        | |  2.4
Stealth        | |  1.3

Action                     |  1- 3 |  4- 6 || total
---------------------------+-------+-------++-------
   Fire: Shortbow          |   101 |    31 ||   132
    Use: Scroll            |     6 |     2 ||     8
         Potion            |       |     4 ||     4
 Armour: Leather armour    |    27 |     1 ||    28
  Dodge: Dodged            |    71 |    10 ||    81

Table legend: (Time is in decaauts)
 A = Elapsed time spent in this place.
 B = Non-inter-level travel time spent in this place.
 C = Inter-level travel time spent in this place.
 D = Time resting spent in this place.
 E = Time spent auto-exploring this place.
 F = Levels seen in this place.
 G = Mean time per level.
                   A        B        C        D        E       F      G
               +--------+--------+--------+--------+--------+-----+--------+
         Total |   1899 |   1840 |     59 |      0 |   1550 |   3 |  633.0 |
       Dungeon |   1899 |   1840 |     59 |      0 |   1550 |   3 |  633.0 |
               +--------+--------+--------+--------+--------+-----+--------+

Top non-repeatable levels by time:
     D:1: 897 daAuts
     D:2: 853 daAuts
     D:3: 148 daAuts
